 Dungeon Crawl Stone Soup version 0.24.0-123-gd5b16e6ec5 (webtiles) character file.

Game seed: 17564058188714493575, levelgen mode: deterministic

250 Curus the Chopper (level 5, 0/45 HPs)
             Began as a Minotaur Abyssal Knight on Feb 2, 2020.
             Was a Believer of Lugonu.
             Succumbed to Sigmund's poison
             ... on level 2 of the Dungeon.
             The game lasted 00:04:45 (1274 turns).

Curus the Chopper (Minotaur Abyssal Knight)         Turns: 1274, Time: 00:04:45

Health: 0/45       AC:  8    Str: 14    XL:     5   Next: 88%
Magic:  6/7        EV:  6    Int:  9    God:    Lugonu [**....]
Gold:   101        SH:  0    Dex: 10    Spells: 4/4 levels left

rFire    . . .     SeeInvis .   a - +1 hand axe
rCold    . . .     Gourm    .   (no shield)
rNeg     . . .     Faith    .   e - +0 chain mail
rPois    .         Spirit   .   (helmet restricted)
rElec    .         Reflect  .   (no cloak)
rCorr    +         Harm     .   (no gloves)
MR       .....                  (no boots)
Stlth    ..........             (no amulet)
HPRegen  0.15/turn              i - ring of resist corrosion
MPRegen  0.10/turn              g - -3 ring of strength (curse)

@: lethally poisoned (0 -> -9)
A: retaliatory headbutt, horns 2
a: Depart the Abyss, Bend Space, Renounce Religion


You were on level 2 of the Dungeon.
You worshipped Lugonu.
Lugonu was pleased with you.
You were not hungry.

You visited 1 branch of the dungeon, and saw 2 of its levels.
You visited the Abyss 1 time.

You collected 101 gold pieces.

Inventory:

Hand Weapons
 a - a +1 hand axe (weapon)
Armour
 b - a +0 leather armour
 e - a +0 chain mail (worn)
Jewellery
 g - a cursed -3 ring of strength (right hand)
 i - a ring of resist corrosion (left hand)
Wands
 f - a wand of iceblast (3)
Scrolls
 h - a scroll of remove curse
Potions
 d - a potion of agility
Comestibles
 c - 3 rations


   Skills:
 - Level 3.6 Fighting
 + Level 5.5 Axes
 - Level 2.4 Armour
 - Level 1.1 Dodging
 + Level 4.4 Invocations


You had 4 spell levels left.
You didn't know any spells.
Your spell library was empty.

Dungeon Overview and Level Annotations

Branches:
Dungeon (2/15)

Altars:


Innate Abilities, Weirdness & Mutations

You reflexively headbutt those who attack you in melee.
You have a pair of horns on your head.


Message History

You feel sick.
The kobold shouts!
* * * LOW HITPOINT WARNING * * *
You feel sick.
* * * LOW HITPOINT WARNING * * *
You feel sick.
* * * LOW HITPOINT WARNING * * *
You feel sick.
You closely miss the kobold.
* * * LOW HITPOINT WARNING * * *
You feel sick. The kobold hits you with a +0 club.
* * * LOW HITPOINT WARNING * * *
You closely miss the kobold. You headbutt the kobold.
You kill the kobold!
Lugonu accepts your kill.
* * * LOW HITPOINT WARNING * * *
You feel sick.
* * * LOW HITPOINT WARNING * * *
You feel sick.
You die...

#.#....##.#.#### ...
#.#....##.#.# ##.
#...........# #.
#####.###.### ...
#.##...)# .#.
#.##....# ### ...
########....####....
...
#.........###.......
.. #...........@.#
#. #.............# #
#.............#
########..)...#
#......# #......#
#......+ #......#
#......#


There were no monsters in sight!

Vanquished Creatures
  Sigmund (D:2)
  Terence (D:2)
  2 oozes (D:2)
  2 worms (D:2)
  5 leopard geckos
  A ball python (D:1)
  A giant cockroach (D:1)
  7 goblins
  7 hobgoblins
  6 jackals (D:2)
  3 kobolds
  5 bats
  3 frilled lizards
  4 rats
48 creatures vanquished.

Notes
Turn   | Place    | Note
-------+----------+-------------------------------------------
     0 | Abyss:1  | Curus the Minotaur Abyssal Knight began the quest for the
                  | Orb.
     0 | Abyss:1  | Reached XP level 1. HP: 19/19 MP: 1/1
    67 | Abyss:1  | Noticed an insubstantial wisp
    77 | D:1      | Escaped the Abyss
    90 | D:1      | Reached * piety under Lugonu
   188 | D:1      | Reached XP level 2. HP: 25/26 MP: 2/2
   210 | D:1      | Reached skill level 3 in Axes
   515 | D:1      | Reached XP level 3. HP: 30/31 MP: 2/4
   698 | D:2      | Noticed Terence
   710 | D:2      | Killed Terence
   710 | D:2      | Reached ** piety under Lugonu
   710 | D:2      | Reached skill level 4 in Axes
  1105 | D:2      | Reached XP level 4. HP: 35/39 MP: 5/5
  1255 | D:2      | Noticed Sigmund
  1263 | D:2      | Killed Sigmund
  1263 | D:2      | Reached skill level 5 in Axes
  1263 | D:2      | Reached XP level 5. HP: 18/45 MP: 5/7
  1273 | D:2      | HP: 1/45 [poisoned by Sigmund]
  1274 | D:2      | Succumbed to Sigmund's poison

Levels and vault maps discovered:
D:1:      minmay_arrival_solitary_statue, layout_loops_ring
D:2:      layout_basic, uniq_sigmund, uniq_terence

Skill      XL: |  1  2  3  4 |
---------------+-------------+-----
Invocations    | 2 3 4 |  4.4
Axes           | 3 4 5 |  5.5
Fighting       | |  3.6
Armour         | |  2.4
Dodging        | |  1.1

Action                   |  1- 3 |  4- 6 || total
-------------------------+-------+-------++-------
Melee: Hand axe          |    93 |    41 ||   134
       Headbutt          |    11 |    10 ||    21
Invok: Depart the Abyss  |     1 |       ||     1
  Use: Scroll            |     3 |     1 ||     4
       Potion            |     1 |       ||     1
  Eat: Chunk             |     1 |       ||     1
Armor: Leather armour    |    14 |       ||    14
       Chain mail        |     9 |    29 ||    38
Dodge: Dodged            |    58 |     8 ||    66
